 Dungeon Crawl Stone Soup version 0.29-a0-559-g359e09b9d1 (webtiles) character file.

Game seed: 431105974340954353

69 Ijustatesigmund the Ogre Mage (level 4, -7/44 HPs)
             Began as an Ogre Hedge Wizard on June 9, 2022.
             Mangled by Grinder (9 damage)
             ... while paralysed by Grinder
             ... on level 3 of the Dungeon.
             The game lasted 00:04:29 (2227 turns).

Ijustatesigmund the Ogre Mage (Ogre Hedge Wizard)   Turns: 2227, Time: 00:04:29

Health: -7/44      AC:  3    Str: 14    XL:     4   Next: 20%
Magic:  9/9        EV:  1    Int: 17    God:
Gold:   83         SH:  0    Dex:  8    Spells: 4/10 levels left

rFire   . . .      SeeInvis .   a - +0 whip
rCold   . . .      Faith    .   (no shield)
rNeg    . . .      Spirit   .   b - +0 robe
rPois   .          Reflect  .   c - +0 hat
rElec   .          Harm     .   (no cloak)
rCorr   .          Rampage  .   (gloves unavailable)
Will    .....                   (boots unavailable)
Stlth   +.........              (no amulet)
HPRegen 0.14/turn               (no ring)
MPRegen 0.11/turn               (no ring)

@: paralysed
A: large, unfitting armour, tough skin 1
a: no special abilities


You were on level 3 of the Dungeon.
You visited 1 branch of the dungeon, and saw 3 of its levels.

You collected 83 gold pieces.

Inventory:

Hand Weapons
 a - a +0 whip (weapon)
Armour
 b - a +0 robe (worn)
 c - a +0 hat (worn)
Scrolls
 f - 2 scrolls of fog
 g - 2 scrolls of fear {unknown}
 i - a scroll of magic mapping {unknown}
 j - a scroll of teleportation
Potions
 h - a potion of flight


   Skills:
 + Level 2.8 Fighting
 + Level 1.4 Maces & Flails
 - Level 1.7 Dodging
 - Level 1.4 Stealth
 - Level 3.6 Spellcasting
 + Level 2.1 Conjurations
 - Level 0.8 Summonings
 - Level 0.8 Translocations


You had 4 spell levels left.
You knew the following spells:

 Your Spells              Type           Power      Damage    Failure   Level
a - Magic Dart            Conj           40%        1d5       7%          1
b - Blink                 Tloc           12%        N/A       17%         2
c - Mephitic Cloud        Conj/Pois/Air  5%         N/A       36%         3

Your spell library contained the following spells:

 Spells                   Type           Power      Damage    Failure   Level
 Static Discharge         Conj/Air       6%         N/A       16%         2
 Slow                     Hex            12%        N/A       17%         1
 Call Imp                 Summ           6%         N/A       17%         2
 Conjure Flame            Conj/Fire      6%         6-21      32%         3
 Sticky Flame             Conj/Fire      6%         2d3       71%         4
 Dispel Undead            Necr           3%         3d7       86%         4


Dungeon Overview and Level Annotations

Branches:
Dungeon (3/15)

Altars:

Shops:
D:2 ((

Annotations:
D:2 Sigmund
D:3 Grinder


Innate Abilities, Weirdness & Mutations

You are too large for most types of armour.
You have tough skin. (AC +1)


Message History

You shrug off the repeated paralysis!
You hit Grinder but do no damage.
Grinder is heavily wounded.
Grinder gestures at you. Pain shoots through your body!
Casting: Magic Dart (safe; 7% risk of failure)
Confirm with . or Enter, or press ? or * to list all spells.
Aiming: Magic Dart (safe; 7% risk of failure)
Press: ? - help, Shift-Dir - straight line, f/p - Grinder
Aim: Grinder (heavily wounded, 100% to hit)
The magic dart hits Grinder.
Grinder is heavily wounded.
Grinder barely misses you.
Casting: Magic Dart (safe; 7% risk of failure)
Confirm with . or Enter, or press ? or * to list all spells.
Aiming: Magic Dart (safe; 7% risk of failure)
Press: ? - help, Shift-Dir - straight line, f/p - Grinder
Aim: Grinder (heavily wounded, 100% to hit)
The magic dart hits Grinder.
Grinder is severely wounded.
Grinder closely misses you.
Casting: Magic Dart (safe; 7% risk of failure)
Confirm with . or Enter, or press ? or * to list all spells.
Aiming: Magic Dart (safe; 7% risk of failure)
Press: ? - help, Shift-Dir - straight line, f/p - Grinder
Aim: Grinder (severely wounded, 100% to hit)
The magic dart hits Grinder.
Grinder is severely wounded.
Grinder gestures at you. Pain shoots through your body!
Okay, then.
Magic courses through your body. Grinder gestures at you.
You suddenly lose the ability to move!
Grinder hits you but does no damage. Grinder gestures at you.
Pain shoots through your body!
* * * LOW HITPOINT WARNING * * *
Grinder hits you!
You die...

### ....
################ .....
#.......#.......
......###.......#.......
......5@.......(........
......###.......#.......
...?. #.......#...#...
.... #...........#†..
... #............... .#
#.............#.
.........##......
#####.###........ #
#..........


You could see Grinder.

Vanquished Creatures
  2 adders (D:2)
  A dart slug (D:2)
  3 endoplasms (D:1)
  A giant cockroach (D:2)
  6 goblins
  6 hobgoblins
  7 jackals (D:1)
  2 quokkas (D:1)
  4 ball pythons
  3 bats
  3 frilled lizards
  3 kobolds
  A rat (D:1)
42 creatures vanquished.

Notes
Turn   | Place    | Note
-------+----------+-------------------------------------------
     0 | D:1      | Ijustatesigmund the Ogre Hedge Wizard began the quest for
                  | the Orb.
     0 | D:1      | Reached XP level 1. HP: 16/16 MP: 5/5
    35 | D:1      | Found a faded altar of an unknown god.
    39 | D:1      | Reached skill level 1 in Conjurations
    50 | D:1      | Reached skill level 1 in Fighting
   424 | D:1      | Reached XP level 2. HP: 27/27 MP: 2/6
   427 | D:1      | Learned a level 2 spell: Blink
  1134 | D:1      | Reached XP level 3. HP: 35/35 MP: 4/8
  1374 | D:1      | Reached skill level 1 in Maces & Flails
  1742 | D:2      | Found Hank's Antique Weapon Boutique.
  1780 | D:2      | Found Zeelebb's Antique Weapon Shop.
  1909 | D:2      | Reached XP level 4. HP: 44/44 MP: 1/9
  1911 | D:2      | Noticed Sigmund
  1999 | D:1      | Learned a level 3 spell: Mephitic Cloud
  2200 | D:3      | Noticed Grinder
  2214 | D:3      | Paralysed by Grinder for 4 turns
  2224 | D:3      | Paralysed by Grinder for 4 turns
  2226 | D:3      | HP: 2/44 [Grinder/nerve-wracking pain (13)]
  2227 | D:3      | Mangled by Grinder

Illustrated notes

Levels and vault maps discovered:
D:1:      wheals_arrival_linesprint, layout_rooms,
          hellmonk_ecumenical_altar_dog_temple, minmay_tromino_mix6
D:2:      layout_basic, serial_shops, shop, shop, nicolae_shop_hallway_plus,
          minmay_lizard_king, uniq_sigmund
D:3:      layout_basic, hangedman_decor_push, uniq_grinder

Skill      XL: |  1  2  3 |
---------------+----------+-----
Conjurations   | 1 2 |  2.1
Fighting       | 1 2 |  2.8
Maces & Flails | 1 |  1.4
Dodging        | |  1.7
Stealth        | |  1.4
Spellcasting   | |  3.6
Summonings     | |  0.8
Translocations | |  0.8

Action                   |  1- 3 |  4- 6 || total
-------------------------+-------+-------++-------
Melee: Dagger            |     8 |       ||     8
       Whip              |    45 |    12 ||    57
 Cast: Magic Dart        |    67 |    25 ||    92
  Use: Scroll            |     2 |     1 ||     3
       Potion            |       |     1 ||     1
Armor: Robe              |    34 |     4 ||    38
Dodge: Dodged            |    37 |     5 ||    42

Table legend: (Time is in decaauts)
 A = Elapsed time spent in this place.
 B = Non-inter-level travel time spent in this place.
 C = Inter-level travel time spent in this place.
 D = Time resting spent in this place.
 E = Time spent auto-exploring this place.
 F = Levels seen in this place.
 G = Mean time per level.
                   A        B        C        D        E       F      G
               +--------+--------+--------+--------+--------+-----+--------+
         Total |   2230 |   2137 |     93 |    627 |   1183 |   3 |  743.3 |
       Dungeon |   2230 |   2137 |     93 |    627 |   1183 |   3 |  743.3 |
               +--------+--------+--------+--------+--------+-----+--------+

Top non-repeatable levels by time:
     D:1: 1712 daAuts
     D:2: 380 daAuts
     D:3: 136 daAuts
